 Dungeon Crawl Stone Soup version 0.14-a0-3278-gb24e923 (webtiles) character file.

341 Psiweapon the Sneak (level 5, -5/35 HPs)
             Began as a Vampire Enchanter on Mar 13, 2014.
             Slain by a gnoll
             ... wielding a +1,+1 spear
              (9 damage)
             ... on Level 3 of the Dungeon.
             The game lasted 00:14:00 (3240 turns).

Psiweapon the Sneak (Vampire Enchanter)             Turns: 3240, Time: 00:14:00

HP  -5/35        AC  0     Str  3      XL: 5   Next: 23%
MP   7/9         EV 20     Int 17      God:
Gold 173         SH  0     Dex 19      Spells:  3 memorised,  2 levels left

rFire  . . .     SeeInvis +     a - melded +1 dagger
rCold  + . .     Clarity  .     f - melded +0 leather armour
rNeg   + + .     Conserve .     (shield currently unavailable)
rPois  +         rCorr    .     x - melded +0 helmet (curse)
rElec  .         rRot     +     r - melded +0 cloak
SustAb . .       Spirit   .     e - melded +0 pair of gloves
rMut   .         Warding  .     (boots currently unavailable)
Saprov . . .     Stasis   .     (no amulet)
MR     .....                    (ring currently unavailable)
                                n - melded ring of fire

@: bat-form, regenerating slowly, flying, very quick, not resistant to hostile
enchantments, very stealthy
A: (fangs 0), see invisible, (unbreathing)
a: End Transformation


You were on level 3 of the Dungeon.
You were very thirsty.
You were in vampire bat-form.
You visited 1 branch of the dungeon, and saw 4 of its levels.

You collected 173 gold pieces.

Inventory:

Hand weapons
 a - a +1,+1 dagger (melded)
Missiles
 d - 8 darts (quivered)
 i - 34 poisoned needles
Armour
 b - a +1 robe
 e - a +0 pair of gloves (melded)
 f - a +0 leather armour (melded)
 r - a +0 cloak (melded)
 u - a +0 pair of gloves
 x - a cursed +0 helmet (melded)
Scrolls
 g - 2 scrolls of remove curse {unknown}
 h - a scroll of fog {unknown}
 j - 4 scrolls of identify {unknown}
 k - a scroll of magic mapping {unknown}
 l - 2 scrolls of teleportation {unknown}
 m - 3 scrolls of enchant armour {unknown}
 v - a scroll of noise {unknown}
 w - 2 scrolls of random uselessness {unknown}
 y - a scroll of enchant weapon II {unknown}
Jewellery
 n - a ring of fire (melded)
Potions
 o - 3 potions of curing {unknown}
 p - 3 potions of magic
 q - a potion of haste {unknown}
 s - a potion of heal wounds {unknown}
 t - a potion of agility {unknown}
Books
 c - a book of Maledictions

   Spells                             Type                      Level
   *Corona                            Hexes                        1
   Sure Blade                         Hexes/Charms                 2
   *Ensorcelled Hibernation           Hexes/Ice                    2
   *Confuse                           Hexes                        3
   Enslavement                        Hexes                        4
   Invisibility                       Hexes                        6
Carrion
 z - a giant gecko corpse


   Skills:
 - Level 1.1 Short Blades
 - Level 0.7 Throwing
 - Level 2.1 Dodging
 + Level 6.7 Stealth
 - Level 2.0 Spellcasting
 + Level 6.6 Hexes


You had 2 spell levels left.
You knew the following spells:

 Your Spells              Type           Power        Failure   Level  Hunger
a - Corona                Hex            ###....      6%          1    #......
b - Ensorcelled Hibernat  Hex/Ice        ##....       24%         2    ###....
c - Confuse               Hex            ###.....     14%         3    ####...


Dungeon Overview and Level Annotations

Branches:
Dungeon (4/15)
 Temple: D:4-7

Altars:


Innate Abilities, Weirdness & Mutations

You heal slowly.
((You have razor-sharp teeth.))*
You have supernaturally acute eyesight.
((You can survive without breathing.))*


Message History

You hit the gnoll.
The gnoll is severely wounded.
The gnoll hits you with a spear!
* * * LOW HITPOINT WARNING * * *
The gnoll barely misses you.
You see here a spear.
The gnoll hits you but does no damage.
Drink which item? (? for menu, Esc to quit)
Magic courses through your body.
It was a potion of magic.
There is an open door here.
You see here a club.
Use which ability? (? or * to list)
You turn into a vampire bat.
Your +1,+1 dagger melds into your body.
Your +0 cloak melds into your body.
Your cursed +0 helmet melds into your body.
Your +0 pair of gloves melds into your body.
Your +0 leather armour melds into your body.
Your ring of fire melds into your body.
The gnoll hits you from afar with a spear!
You die...

#.............# ####.######
####'#........# #.....#
#.#........##### #.....#
#..............# ####.....#
###........###.####......####
##########>...).'.......).)
#g#.####......#### #.#.#
#.......... #b#.# #.....#####
#.#.########.# #.#........#.#
#.########.#.#
######........#.#.#
#..........##.#.#.#
#..........##.#.#.#
#..........##.#.#.#
#.....)....##.#.#.#


You could see a gnoll.

Vanquished Creatures
  3 gnolls (D:3)
  5 adders
  A giant mite (D:3)
  3 worms
  2 giant geckos (D:3)
  2 orcs
  9 bats
  3 giant cockroaches
  8 goblins
  5 hobgoblins
  2 quokkas (D:2)
  2 giant newts (D:1)
  3 kobolds (D:1)
  22 rats
70 creatures vanquished.

Notes
Turn   | Place    | Note
--------------------------------------------------------------
     0 | D:1      | Psiweapon, the Vampire Enchanter, began the quest for the Orb.
     0 | D:1      | Reached XP level 1. HP: 13/13 MP: 3/3
   116 | D:1      | Reached XP level 2. HP: 19/19 MP: 4/4
   267 | D:1      | Learned a level 2 spell: Ensorcelled Hibernation
   503 | D:1      | Reached skill level 5 in Hexes
   628 | D:1      | Reached XP level 3. HP: 22/24 MP: 6/6
  1270 | D:2      | Reached skill level 5 in Stealth
  1848 | D:2      | Reached XP level 4. HP: 30/30 MP: 7/7
  2016 | D:3      | Learned a level 3 spell: Confuse
  2305 | D:3      | Reached skill level 6 in Stealth
  3121 | D:3      | Reached XP level 5. HP: 32/35 MP: 2/9
  3240 | D:3      | Slain by a gnoll

Action                   |  1- 3 |  4- 6 || total
-------------------------+-------+-------++-------
Melee: Dagger            |    83 |    55 ||   138
Throw: Dart              |    22 |       ||    22
 Cast: Corona            |     5 |       ||     5
       Ensorcelled Hiber |    15 |    27 ||    42
       Confuse           |       |     2 ||     2
 Abil: Bat Form          |       |     1 ||     1
  Use: Potion            |       |     1 ||     1
 Stab: Sleeping          |    29 |    20 ||    49
